 Dungeon Crawl Stone Soup version 0.21.1-1-g345015f (webtiles) character file.

39 tidbits the Insei (level 3, 0/28 HPs)
             Began as a Gnoll Transmuter on June 20, 2018.
             Killed from afar by Natasha (7 damage)
             ... with a magic dart
             ... on level 3 of the Dungeon.
             The game lasted 00:02:11 (183 turns).

tidbits the Insei (Gnoll Transmuter)                 Turns: 183, Time: 00:02:12

Health: 0/28       AC:  2    Str: 12    XL:     3   Next: 45%
Magic:  1/9        EV: 23    Int: 16    God:
Gold:   27         SH:  0    Dex: 20    Spells: 6/12 levels left

rFire    . . .     SeeInvis .     - Unarmed
rCold    . . .     Gourm    .   (shield currently unavailable)
rNeg     . . .     Faith    .   (armour currently unavailable)
rPois    x         Spirit   .   (helmet currently unavailable)
rElec    .         Reflect  .   (cloak currently unavailable)
rCorr    .         Harm     .   (gloves currently unavailable)
MR       .....                  (boots currently unavailable)
Stlth    ++........             (no amulet)
HPRegen  0.09/turn              (no ring)
MPRegen  0.11/turn              (no ring)

@: spider-form
A: tiny, distributed training, strong nose
a: End Transformation


You were on level 3 of the Dungeon.
You were not hungry.
You were a venomous arachnid creature.
You visited 1 branch of the dungeon, and saw 3 of its levels.

You collected 27 gold pieces.

Inventory:

Missiles
 a - 9 arrows
 e - 4 javelins (quivered)
Armour
 b - a +0 robe (melded)
Scrolls
 g - 2 scrolls of teleportation {unknown}
Potions
 f - a potion of mutation {unknown}
Books
 c - a book of Changes

   Spells                             Type                      Level
   a - Beastly Appendage              Transmutation                1
   b - Sticks to Snakes               Transmutation                2
   c - Spider Form                    Transmutation/Poison         3
   d - Ice Form                       Ice/Transmutation            4
   e - Blade Hands                    Transmutation                5
Comestibles
 d - a ration


   Skills:
 + Level 2.6 Fighting
 + Level 0.7 Short Blades
 + Level 0.7 Long Blades
 + Level 0.7 Axes
 + Level 0.7 Maces & Flails
 + Level 0.7 Polearms
 + Level 0.7 Staves
 + Level 0.7 Slings
 + Level 0.7 Bows
 + Level 0.7 Crossbows
 + Level 0.7 Throwing
 + Level 0.7 Armour
 + Level 4.5 Dodging
 + Level 0.7 Stealth
 + Level 0.7 Shields
 + Level 6.5 Unarmed Combat
 + Level 5.0 Spellcasting
 + Level 0.5 Conjurations
 + Level 0.5 Hexes
 + Level 0.5 Charms
 + Level 0.5 Summonings
 + Level 0.5 Necromancy
 + Level 0.5 Translocations
 + Level 3.7 Transmutations
 + Level 0.5 Fire Magic
 + Level 0.5 Ice Magic
 + Level 0.5 Air Magic
 + Level 0.5 Earth Magic
 + Level 0.5 Poison Magic
 + Level 0.9 Invocations
 + Level 0.7 Evocations


You had 6 spell levels left.
You knew the following spells:

 Your Spells              Type           Power        Failure   Level  Hunger
e - Beastly Appendage     Tmut           ###...       11%         1    None
k - Sticks to Snakes      Tmut           ###.....     14%         2    #......
p - Spider Form           Tmut/Pois      ##........   38%         3    ###....


Dungeon Overview and Level Annotations

Branches:
Dungeon (3/15)

Altars:

Annotations:
D:3 Natasha


Innate Abilities, Weirdness & Mutations

Your experience applies equally to all skills.
((You have very sharp teeth.))
Your uncanny sense of smell can sniff out nearby items.


Message History

The jackal misses your adder.
Your adder closely misses the jackal.
The jackal dies!
Memorise Spider Form, consuming 3 spell levels and leaving 6?
You start memorising the spell.
You continue memorising. x3
You finish memorising.
Spell assigned to 'p'.
You swap places.
Your transformation is almost over.
Items here: ) [ †† an enchanted flail; a scale mail; a bat corpse; the human corpse of Terence A jackal comes into view.
You hit the jackal. Your bite misses the jackal.
The jackal is almost dead.
The jackal barely misses you.
Your adder misses the jackal. You hit the jackal.
You kill the jackal!
You see here 12 gold pieces.
You now have 27 gold pieces (gained 12).
Your horns disappear.
You swap places.
Your adder withers and dies!
Your ball python withers and dies!
A dart slug comes into view.
Casting: Beastly Appendage
Confirm with . or Enter, or press ? or * to list all spells.
Your feet morph into talons.
You punch the dart slug!
You kill the dart slug!
Found 15 stones.
A frilled lizard, a rat, a giant cockroach and a kobold come into view.
The rat moves out of view.
Found 4 javelins and a sedimented golden potion.
You miss the frilled lizard. Your kick misses the frilled lizard.
Your bite misses the frilled lizard. The frilled lizard bites you.
* * * LOW HITPOINT WARNING * * *
You hit the frilled lizard.
You kill the frilled lizard!
A worm comes into view.
Casting: Beastly Appendage
Confirm with . or Enter, or press ? or * to list all spells.
Your talons disappear.
You turn into a venomous arachnid creature.
Your +0 robe melds into your body.
The kobold shouts!
The kobold throws a stone.
The stone completely misses you.
You hit the giant cockroach.
The giant cockroach is severely wounded.
The giant cockroach closely misses you.
You hit the giant cockroach.
You kill the giant cockroach!
Your transformation is almost over.
The kobold closely misses you.
You bite the kobold!
You kill the kobold!
Things that are here:
a dagger; a stone You see here 4 javelins.
e - 4 javelins You see here 15 stones.
Your transformation has ended.
Your +0 robe unmelds from your body.
You see here a sedimented golden potion.
f - a sedimented golden potion
Found a stone staircase leading down.
Unknown command.
Casting: Spider Form
Confirm with . or Enter, or press ? or * to list all spells.
You turn into a venomous arachnid creature.
Your +0 robe melds into your body.
You bite the rat!
You kill the rat!
You see here a rat corpse.
A rat comes into view.
Unknown command.
Found a hand axe.
Unknown command.
Your transformation is almost over.
There is a stone staircase leading down here.
You climb downwards.
Found 2 scrolls labeled SUFIWI SELLO.
There is a stone staircase leading up here.
Unknown command.
Natasha, Servant of Life and Death comes into view.
You see here 2 scrolls labeled SUFIWI SELLO.
g - 2 scrolls labeled SUFIWI SELLO Natasha hisses angrily.
Natasha casts a spell at you. You resist with significant effort.
Your transformation has ended.
Your +0 robe unmelds from your body.
Casting: Spider Form
Confirm with . or Enter, or press ? or * to list all spells.
You turn into a venomous arachnid creature.
Your +0 robe melds into your body.
Casting: Spider Form
Confirm with . or Enter, or press ? or * to list all spells.
You create a snake!
You now have 9 arrows.
You hit Natasha but do no damage.
Natasha stares at you and mumbles some strange words.
The magic dart hits you!
You die...

# .. ####
.. ..#
#.##.##
....# #S.#
#.#####.<#
#.....sh.#
#.######.#
...# ##..#
#..# ...#
.#h# . .#


You could see Natasha and a friendly ball python.

Vanquished Creatures
  Terence (D:2)
  A dart slug (D:2)
  2 giant cockroaches (D:2)
  2 goblins
  2 hobgoblins (D:1)
  2 jackals (D:2)
  A frilled lizard (D:2)
  A kobold (D:2)
  A rat (D:2)
13 creatures vanquished.

Vanquished Creatures (collateral kills)
  A bat (D:2)
  2 jackals (D:2)
3 creatures vanquished.

Grand Total: 16 creatures vanquished

Notes
Turn   | Place    | Note
-------+----------+-------------------------------------------
     0 | D:1      | tidbits the Gnoll Transmuter began the quest for the Orb.
     0 | D:1      | Reached XP level 1. HP: 17/17 MP: 6/6
    63 | D:2      | Reached XP level 2. HP: 20/23 MP: 5/7
    67 | D:2      | Learned a level 2 spell: Sticks to Snakes
    75 | D:2      | Noticed Terence
    87 | D:2      | Killed Terence
    87 | D:2      | Reached skill level 5 in Spellcasting
    87 | D:2      | Reached XP level 3. HP: 3/28 MP: 2/9
    87 | D:2      | HP: 1/28 [jackal (2)]
    97 | D:2      | Learned a level 3 spell: Spider Form
   126 | D:2      | HP: 2/28 [frilled lizard (3)]
   175 | D:3      | Noticed Natasha
   183 | D:3      | Killed from afar by Natasha

Skill      XL: |  1  2 |
---------------+-------+-----
Spellcasting   | 5 |  5.0
Fighting       | |  2.6
Short Blades   | |  0.7
Long Blades    | |  0.7
Axes           | |  0.7
Maces & Flails | |  0.7
Polearms       | |  0.7
Staves         | |  0.7
Slings         | |  0.7
Bows           | |  0.7
Crossbows      | |  0.7
Throwing       | |  0.7
Armour         | |  0.7
Dodging        | |  4.5
Stealth        | |  0.7
Shields        | |  0.7
Unarmed Combat | |  6.5
Conjurations   | |  0.5
Hexes          | |  0.5
Charms         | |  0.5
Summonings     | |  0.5
Necromancy     | |  0.5
Translocations | |  0.5
Transmutations | |  3.7
Fire Magic     | |  0.5
Ice Magic      | |  0.5
Air Magic      | |  0.5
Earth Magic    | |  0.5
Poison Magic   | |  0.5
Invocations    | |  0.9
Evocations     | |  0.7

Action                   || total
-------------------------++-------
Melee: Unarmed           ||    28
       Kick              ||     3
       Bite              ||     3
       Headbutt          ||     4
       Punch             ||     1
 Cast: Beastly Appendage ||     5
       Sticks to Snakes  ||     3
       Spider Form       ||     3
Armor: Robe              ||     3
Dodge: Dodged            ||    17

Table legend:
 A = Turns spent in this place as a percentage of turns spent in the entire game.
 B = Non-inter-level travel turns spent in this place as a percentage of non-inter-level travel turns spent in the entire game.
 C = Inter-level travel turns spent in this place as a percentage of turns spent in this place.
 D = Turns resting spent in this place as a percentage of non-inter-level travel turns spent in this place.
 E = Turns spent auto-exploring this place as a percentage of non-inter-level travel turns spent in this place.
 F = Non-inter-level travel turns spent in this place divided by the number of levels of this place that you've seen.
                   A       B       C       D       E      F
               +-------+-------+-------+-------+-------+----------------------
         Total | 100.0 | 100.0 |   0.0 |   0.0 |   0.0 |  61.0
       Dungeon | 100.0 | 100.0 |   0.0 |   0.0 |   0.0 |  61.0
               +-------+-------+-------+-------+-------+----------------------

Table legend:
 A = Kills in this place as a percentage of kills in entire the game.
 B = Kills by you in this place as a percentage of kills by you in the entire game.
 C = Kills by friends in this place as a percentage of kills by friends in the entire game.
 D = Other kills in this place as a percentage of other kills in the entire game.
 E = Experience gained in this place as a percentage of experience gained in the entire game.
 F = Experience gained in this place divided by the number of levels of this place that you have seen.
                   A       B       C       D       E      F
               +-------+-------+-------+-------+-------+----------------------
         Total | 100.0 | 100.0 | 100.0 |   N/A | 100.0 |  18.7
       Dungeon | 100.0 | 100.0 | 100.0 |   N/A | 100.0 |  18.7
               +-------+-------+-------+-------+-------+----------------------

Vault maps used:
D:1:      lightli_arrival_maybe_door_vault, minmay_misc_feat_encased,
          st_stairs_13, minmay_small_reverse_x
D:2:      lemuel_crystal_altar, uniq_terence
D:3:      lemuel_crystal_altar, okawaru_gym_becter, first_ration,
          kennysheep_cross_room, uniq_natasha
